 Dungeon Crawl Stone Soup version 0.31.0 (webtiles) character file.

Game seed: 7257180298857333531

149 qw the Shooter (level 5, -6/32 HPs)
             Began as a Gargoyle Hunter on Jan 20, 2024.
             Mangled by an ogre
             ... wielding a +0 giant club
              (23 damage)
             ... on level 4 of the Dungeon.
             The game lasted 00:00:10 (2257 turns).

qw the Shooter (Gargoyle Hunter)                    Turns: 2257, Time: 00:00:10

Health: -6/32      AC: 12    Str: 19    XL:     5   Next: 31%
Magic:  5/5        EV: 12    Int:  9    God:
Gold:   171        SH:  0    Dex: 17    Spells: 4/4 levels left

rFire   . . .        a - +0 shortbow
rCold   . . .        (shield currently unavailable)
rNeg    + . .        c - +0 leather armour
rPois   inf          e - +2 helmet
rElec   +            (no cloak)
rCorr   +            h - +1 pair of gloves of the Tomato {rCorr Str+4 Dex+2}
SInv    .            (no boots)
Will    .....        (no amulet)
Stlth   ++           (no ring)
HPRegen 0.25/turn    (no ring)
MPRegen 0.09/turn

%: no passive effects
@: no status effects
A: sickness immunity, AC +4, negative energy resistance 1, electricity
resistance, torment resistance 1, petrification resistance
a: no special abilities


You were on level 4 of the Dungeon.
You visited 1 branch of the dungeon, and saw 4 of its levels.

You collected 171 gold pieces.


Innate Abilities, Weirdness & Mutations

You are immune to sickness and miasma.
Your stone body is resilient. (AC +4)
You are immune to poison.
You resist negative energy. (rN+)
You are resistant to electric shocks. (rElec)
You are resistant to unholy torment.
You are immune to petrification.


   Skills:
 + Level 3.0 Fighting
 - Level 6.0 Ranged Weapons
 - Level 1.0 Armour
 - Level 1.5 Dodging
 - Level 1.1 Stealth


You had 4 spell levels left.
You didn't know any spells.
Your spell library was empty.

Inventory:

Hand Weapons
 a - a +0 shortbow (weapon)
Armour
 c - a +0 leather armour (worn)
 e - a +2 helmet (worn)
 h - the +1 pair of gloves of the Tomato (worn) {rCorr Str+4 Dex+2}
   (You acquired it on level 3 of the Dungeon)

   Str+4:     It affects your strength (+4).
   Dex+2:     It affects your dexterity (+2).
   rCorr:     It protects you from acid and corrosion.
Scrolls
 g - a scroll of teleportation
Potions
 b - a potion of resistance
 d - a potion of might
 f - a potion of lignification {unknown}
 i - a potion of attraction {unknown}
 j - a potion of enlightenment
 k - 2 potions of curing
 l - a potion of heal wounds
 m - a potion of haste {unknown}
 o - a potion of berserk rage {unknown}

Dungeon Overview and Level Annotations

Branches:
Dungeon (4/15)
 Temple: D:4-7

Altars:


Message History

Found a whip.
An orc comes into view. It is wielding a +2 dagger of flaming.
Enter note:
Enter note:
Enter note:
Enter note: You shoot an arrow.
The orc shouts!
The arrow hits the orc but does no damage.
You shoot an arrow. The arrow hits the orc!
You kill the orc!
Found a robe.
Things that are here:
a +2 dagger of flaming; a +0 leather armour An ogre comes into view.
It is wielding a +0 giant club.
You see here 2 potions of curing.
You shoot an arrow. The arrow barely misses the ogre.
The ogre shouts!
An orc comes into view. It is wielding a +0 club.
You shoot an arrow. The orc shouts!
The arrow hits the ogre.
The ogre is moderately wounded.
You shoot an arrow. The arrow hits the ogre.
The ogre is heavily wounded.
The ogre closely misses you.
You shoot an arrow. The arrow completely misses the ogre.
The orc barely misses you.
You shoot an arrow. The arrow closely misses the ogre.
The ogre barely misses you. The orc misses you.
You shoot an arrow.
The arrow hits the ogre but does no damage.
The ogre is heavily wounded.
The ogre hits you with a +0 giant club! The orc hits you with a +0 club.
You shoot an arrow. The arrow hits the ogre.
The ogre is severely wounded.
The orc misses you.
The ogre hits you with a +0 giant club!!
Ouch! That really hurt!
You die...

.. ... .. #... .##....
.#...... .........
##........
.........#######.........
................Oo..#..
................@..#..
.8.......8........#.#
.................#.#
8.........8.....#.##
...............#.##
.8.......8....#.##
.#..#.#..#...#.#######
####...######.#......#
.#..#.#..#...#.#######


You could see an ogre and an orc.

Vanquished Creatures
  2 orc wizards (D:3)
  Robin (D:2)
  An adder (D:4)
  A dart slug (D:2)
  4 ribbon worms
  4 orcs
  5 endoplasms
  3 giant cockroaches
  10 goblins
  6 hobgoblins
  3 jackals (D:3)
  A quokka (D:3)
  4 ball pythons
  2 bats (D:1)
  2 frilled lizards
  8 kobolds
  3 rats
60 creatures vanquished.

Notes
Turn   | Place    | Note
-------+----------+-------------------------------------------
     0 | D:1      | qw the Gargoyle Hunter began the quest for the Orb.
     0 | D:1      | Reached XP level 1. HP: 12/12 MP: 1/1
     0 | D:1      | 0 ||| qw: Version: 0.3-a-132-g3d54051
     0 | D:1      | 0 ||| qw: Game counter: 534
     0 | D:1      | 0 ||| qw: Melee chars always use a shield: true
     0 | D:1      | 0 ||| qw: God list: Okawaru
     0 | D:1      | 0 ||| qw: Allow faded altars: false
     0 | D:1      | 0 ||| qw: Do Orc after clearing Dungeon:15 true
     0 | D:1      | 0 ||| qw: Do second Lair branch before Depths: true
     0 | D:1      | 0 ||| qw: Lair rune preference: random
     0 | D:1      | 0 ||| qw: Goals: Normal
     0 | D:1      | 0 ||| PLANNING D:1-11
   179 | D:1      | Reached XP level 2. HP: 17/17 MP: 2/2
   457 | D:1      | You fall into a shaft and drop 1 floor!
   484 | D:2      | Reached XP level 3. HP: 21/21 MP: 3/3
   547 | D:2      | Reached skill level 5 in Ranged Weapons
   655 | D:2      | 655 ||| FLEEEEING.
   660 | D:2      | 660 ||| FLEEEEING.
   661 | D:2      | 661 ||| FLEEEEING.
   662 | D:2      | 662 ||| FLEEEEING.
   663 | D:2      | 663 ||| STAIRDANCE
   742 | D:1      | 742 ||| READING 3 scrolls labelled VOGIDDOAQU.
   742 | D:1      | 742 ||| IDENTIFYING sedimented pink potion
   743 | D:1      | 743 ||| READING 2 scrolls of identify.
   743 | D:1      | 743 ||| IDENTIFYING green potion
   744 | D:1      | 744 ||| READING scroll of identify.
   744 | D:1      | 744 ||| IDENTIFYING brown potion
   745 | D:1      | 745 ||| READING scroll labelled UTOYCSISUQ.
   750 | D:1      | 750 ||| READING scroll labelled HUJYIDW CIBIE.
   751 | D:1      | 751 ||| READING scroll labelled KOSTEA QYNEFUISKOTZ.
   751 | D:1      | 751 ||| ENCHANTING +0 shortbow.
   752 | D:1      | 752 ||| READING scroll labelled CEWKAR VEACOPP.
   760 | D:1      | 760 ||| DRINKING 2 yellow potions.
   761 | D:1      | 761 ||| DRINKING 2 lumpy cyan potions.
   762 | D:1      | 762 ||| DRINKING 2 bubbling silvery potions.
   763 | D:1      | 763 ||| DROPPING scroll of butterflies.
   764 | D:1      | 764 ||| DROPPING potion of degeneration.
   765 | D:1      | 765 ||| DROPPING potion of brilliance.
   844 | D:2      | Noticed Robin
   857 | D:2      | Killed Robin
   869 | D:2      | Reached skill level 3 in Fighting
  1019 | D:2      | Found a faded altar of an unknown god.
  1100 | D:2      | Identified the +6 rapier of Quantum Leap {holy, rN+}
  1713 | D:2      | 1713 ||| UPGRADING to +1 helmet.
  1718 | D:2      | 1718 ||| READING scroll of enchant armour.
  1718 | D:2      | 1718 ||| ENCHANTING +1 helmet.
  1719 | D:2      | 1719 ||| READING scroll labelled QUTEUTEGUT.
  1817 | D:3      | Reached XP level 4. HP: 28/28 MP: 4/4
  1852 | D:3      | 1852 ||| DRINKING potion of curing.
  1852 | D:3      | 1852 ||| (to cure confusion)
  1854 | D:3      | 1854 ||| FLEEEEING.
  1865 | D:3      | 1865 ||| FLEEEEING.
  1883 | D:3      | Reached XP level 5. HP: 32/32 MP: 5/5
  1974 | D:3      | Reached skill level 6 in Ranged Weapons
  2145 | D:3      | 2145 ||| READING scroll of identify.
  2145 | D:3      | 2145 ||| IDENTIFYING bubbling white potion
  2146 | D:3      | 2146 ||| READING scroll labelled PUMO FEOSEDAQ.
  2146 | D:3      | Identified a scroll of acquirement
  2146 | D:3      | 2146 ||| ACQUIRING +1 pair of gloves of the Tomato {rCorr
                  | Str+4 Dex+2}
  2146 | D:3      | Acquired the +1 pair of gloves of the Tomato {rCorr Str+4
                  | Dex+2}
  2148 | D:3      | 2148 ||| UPGRADING to +1 pair of gloves of the Tomato
                  | {rCorr Str+4 Dex+2}.
  2153 | D:3      | 2153 ||| READING scroll labelled ISUUME YPEYPH.
  2203 | D:4      | Reached skill level 1 in Armour
  2250 | D:4      | Noticed an ogre
  2257 | D:4      | Mangled by an ogre

Levels and vault maps discovered:
D:1:      dpeg_arrival_snail, layout_rooms, minmay_small_reverse_x
D:2:      layout_basic, nicolae_ecumenical_lake_church, uniq_robin
D:3:      layout_rooms
D:4:      wad_pebble_path, layout_rooms, serial_bayou_ford_a

Skill      XL: |  1  2  3  4  5 |
---------------+----------------+-----
Ranged Weapons | 5 6 |  6.0
Fighting       | 3 |  3.0
Armour         | 1 |  1.0
Dodging        | |  1.5
Stealth        | |  1.1

Action                     |  1- 3 |  4- 6 || total
---------------------------+-------+-------++-------
   Fire: Shortbow          |   125 |    80 ||   205
    Use: Scroll            |     9 |     3 ||    12
         Potion            |     3 |     1 ||     4
 Armour: Leather armour    |    38 |    37 ||    75
  Dodge: Dodged            |    37 |    24 ||    61

Table legend:
 A = Non-vault XP
 B = Vault XP
 C = Vault XP percentage of total XP
 D = Non-vault monster count
 E = Vault monster count
 F = Vault count percentage of total count
                 A         B        C        D         E       F
            +---------+---------+-------+---------+---------+-------
      Total |     181 |      32 |  15.0 |      49 |      11 |  18.3
            +---------+---------+-------+---------+---------+-------
        D:1 |      25 |       6 |  19.4 |      15 |       4 |  21.1
        D:2 |      20 |      26 |  56.5 |      10 |       7 |  41.2
        D:3 |     116 |       0 |   0.0 |      20 |       0 |   0.0
        D:4 |      20 |       0 |   0.0 |       4 |       0 |   0.0
            +---------+---------+-------+---------+---------+-------
